 Dungeon Crawl Stone Soup version 0.21.1-1-g345015f (webtiles) character file.

175 senseless the Firebug (level 5, -2/38 HPs)
             Began as a Draconian Fire Elementalist on June 30, 2018.
             Killed by nerve-wracking pain
             ... invoked by an orc priest
              (14 damage)
             ... on level 3 of the Dungeon on July 11, 2018.
             The game lasted 00:18:24 (3208 turns).

senseless the Firebug (Draconian Fire Elementalist) Turns: 3208, Time: 00:18:25

Health: -2/38      AC:  6    Str:  9    XL:     5   Next: 29%
Magic:  2/9        EV: 13    Int: 16    God:
Gold:   108        SH:  0    Dex: 12    Spells: 6/9 levels left

rFire    . . .     SeeInvis .   i - -1 short sword (curse)
rCold    . . .     Gourm    .   (no shield)
rNeg     . . .     Faith    .   (armour unavailable)
rPois    .         Spirit   .   (helmet restricted)
rElec    .         Reflect  .   (no cloak)
rCorr    .         Harm     .   (no gloves)
MR       .....                  o - +0 pair of boots
Stlth    ++........             (no amulet)
HPRegen  0.12/turn              g - ring of flight
MPRegen  0.11/turn              n - -3 ring of strength (curse)

@: very slightly contaminated
A: unfitting armour, antennae 1, strong 1, cold-blooded, AC +5
a: Evoke Flight


You were on level 3 of the Dungeon.
You were not hungry.

You visited 1 branch of the dungeon, and saw 3 of its levels.

You collected 108 gold pieces.

Inventory:

Hand Weapons
 d - a +0 hand axe of chopping
 e - a +0 dagger
 i - a cursed -1 short sword (weapon)
 m - a +0 spear
Armour
 o - a +0 pair of boots (worn)
Jewellery
 g - a ring of flight (left hand)
 n - a cursed -3 ring of strength (right hand)
Scrolls
 k - a scroll of amnesia
 q - 2 scrolls of teleportation
Potions
 c - 2 potions of haste
 f - 3 potions of agility
 h - 3 potions of might
 l - 3 potions of flight
 p - a potion of heal wounds
Books
 a - a book of Flames

   Spells                             Type                      Level
   a - Flame Tongue                   Conjuration/Fire             1
   b - Throw Flame                    Conjuration/Fire             2
   c - Conjure Flame                  Conjuration/Fire             3
   d - Inner Flame                    Hexes/Fire                   3
   e - Sticky Flame                   Conjuration/Fire             4
   f - Fireball                       Conjuration/Fire             5
Comestibles
 b - 3 rations
 j - 2 chunks of flesh


   Skills:
 + Level 0.1 Fighting
 + Level 1.1 Short Blades
 + Level 2.6 Dodging
 + Level 2.4 Stealth
 + Level 2.7 Spellcasting
 + Level 2.3 Conjurations
 + Level 3.9 Fire Magic


You had 6 spell levels left.
You knew the following spells:

 Your Spells              Type           Power        Failure   Level  Hunger
a - Flame Tongue          Conj/Fire      ##...        5%          1    #......
b - Throw Flame           Conj/Fire      ##....       8%          2    ##.....


Dungeon Overview and Level Annotations

Branches:
Dungeon (3/15)

Altars:
Hepliaklqana
Vehumet
Xom


Innate Abilities, Weirdness & Mutations

Your plain brown scales are hard. (AC +5)
You cannot fit into any form of body armour.
You are cold-blooded and may be slowed by cold attacks.
You have a pair of small antennae on your head.
Your muscles are strong. (Str +2)


Message History

Aim: an orc priest, wielding a trident and wearing a chain mail (lightly wounded)
You miscast Flame Tongue.
Nothing appears to happen.
The orc priest hits you from afar with a trident.
Casting: Flame Tongue
Confirm with . or Enter, or press ? or * to list all spells.
Aiming: Flame Tongue
Press: ? - help, Shift-Dir - straight line, f/p - orc priest
Aim: an orc priest, wielding a trident and wearing a chain mail The flame tongue hits the orc priest.
The orc priest appears unharmed.
Unknown command.
There are monsters nearby!
The orc priest invokes the aid of Beogh against you.
Beogh smites you!
The orc priest mumbles some strange prayers to Beogh against you.
Pain shoots through your body!
* * * LOW HITPOINT WARNING * * *
The orc priest looks satisfied for a moment.
The orc priest mumbles some strange prayers to Beogh against you.
Pain shoots through your body!
You die...

.. ..............#
#.###.............#
...#..............#
..................#
#.#..........#..###
#...............#
###........o....#####
#.................#
#######.....#.@...#
#.....#.>..###
#.....##.#...#
#####......#.#
####......#
#.........#
#..<......#
##.........#
#...##.##..##


You could see an orc priest.

Vanquished Creatures
  Jessica (D:2)
  Natasha (twice) (D:2)
  3 adders
  An ooze (D:3)
  2 worms (D:2)
  2 dart slugs
  A leopard gecko (D:3)
  4 giant cockroaches
  3 goblins
  7 hobgoblins
  3 jackals (D:1)
  8 kobolds
  A quokka (D:3)
  2 ball pythons (D:2)
  8 bats
  8 frilled lizards
  7 rats
63 creatures vanquished.

Notes
Turn   | Place    | Note
-------+----------+-------------------------------------------
     0 | D:1      | senseless the Draconian Fire Elementalist began the quest for the Orb.
     0 | D:1      | Reached XP level 1. HP: 14/14 MP: 3/3
   379 | D:1      | Reached XP level 2. HP: 15/20 MP: 0/5
   808 | D:1      | Reached XP level 3. HP: 21/26 MP: 0/6
  1656 | D:2      | Gained mutation: Your spells are a little easier to cast, but a little less powerful. [potion of mutation]
  1656 | D:2      | Gained mutation: You have a pair of small antennae on your head. [potion of mutation]
  1656 | D:2      | Gained mutation: You evolve. [potion of mutation]
  1656 | D:2      | Gained mutation: Your muscles are strong. (Str +2) [potion of mutation]
  1775 | D:2      | Reached skill level 1 in Short Blades
  2176 | D:2      | Lost mutation: Your spells are a little easier to cast, but a little less powerful. [evolution]
  2176 | D:2      | Lost mutation: You evolve. [end of evolution]
  2205 | D:2      | Noticed Jessica
  2211 | D:2      | Killed Jessica
  2211 | D:2      | Reached XP level 4. HP: 33/33 MP: 4/7
  2266 | D:2      | Noticed Natasha
  2274 | D:2      | Killed Natasha
  2502 | D:2      | Noticed Natasha
  2508 | D:2      | Killed Natasha
  2508 | D:2      | Reached XP level 5. HP: 16/38 MP: 4/8
  2864 | D:3      | Learned a level 2 spell: Throw Flame
  2874 | D:3      | Found a shimmering altar of Xom.
  3141 | D:3      | Found a hazy altar of Hepliaklqana.
  3182 | D:3      | Found a radiant altar of Vehumet.
  3208 | D:3      | Killed from afar by an orc priest

Skill      XL: |  1  2  3  4 |
---------------+-------------+-----
Stealth        | 2 |  2.4
Dodging        | 2 |  2.6
Short Blades   | 1 |  1.1
Conjurations   | 2 |  2.3
Fighting       | |  0.1
Spellcasting   | |  2.7
Fire Magic     | |  3.9

Action                   |  1- 3 |  4- 6 || total
-------------------------+-------+-------++-------
Melee: Dagger            |    25 |       ||    25
       Short sword       |    29 |     4 ||    33
       Tailslap          |     2 |       ||     2
 Cast: Flame Tongue      |    60 |    39 ||    99
       Throw Flame       |       |     8 ||     8
  Use: Scroll            |     5 |     3 ||     8
       Potion            |     8 |     1 ||     9
  Eat: Ration            |     1 |     1 ||     2
       Chunk             |     1 |     1 ||     2
Armor: Skin              |    23 |     3 ||    26
Dodge: Dodged            |    37 |     7 ||    44
